 Dungeon Crawl Stone Soup version 0.23.2 (webtiles) character file.

Game seed: 14040351691553548722

1493 esteth the Thaumaturge (level 8, 0/58 HPs)
             Began as a Gnoll Wizard on Apr 1, 2019.
             Was an Initiate of Ashenzari.
             Killed from afar by an orc wizard (9 damage)
             ... with a magic dart
             ... on level 6 of the Dungeon on Apr 2, 2019.
             The game lasted 00:17:32 (7278 turns).

esteth the Thaumaturge (Gnoll Wizard)               Turns: 7278, Time: 00:17:34

Health: 0/58       AC:  3    Str: 10    XL:     8   Next: 80%
Magic:  20/20      EV: 15    Int: 23    God:    Ashenzari [......]
Gold:   265        SH:  0    Dex: 13    Spells: 9/23 levels left

rFire    . . .     SeeInvis .   h - +4 dagger
rCold    . . .     Gourm    .   (no shield)
rNeg     . . .     Faith    .   a - +0 robe
rPois    +         Spirit   .   v - +1 hat
rElec    .         Reflect  .   (no cloak)
rCorr    .         Harm     .   (no gloves)
MR       .....                  (no boots)
Stlth    +++.......             (no amulet)
HPRegen  0.19/turn              q - ring of poison resistance
MPRegen  0.17/turn              (no ring)

@: no status effects
A: distributed training, fangs 1, strong nose
a: Curse Item, Renounce Religion


You were on level 6 of the Dungeon.
You worshipped Ashenzari.
Ashenzari was noncommittal.
You were not hungry.

You visited 2 branches of the dungeon, and saw 7 of its levels.

You collected 265 gold pieces.

Inventory:

Hand Weapons
 h - a +4 dagger (weapon)
 r - the +1 hunting sling "Embalmer" {venom, rC- Int+5}
   (You found it on level 4 of the Dungeon)

   It poisons the ammo it fires.
   It affects your intelligence (+5).
   It makes you vulnerable to cold.
Missiles
 t - 74 stones (quivered)
Armour
 a - a +0 robe (worn)
 b - a +0 hat
 v - a +1 hat (worn)
Magical Staves
 u - an uncursed staff of cold
Jewellery
 q - a ring of poison resistance (left hand)
Scrolls
 c - a scroll of teleportation {unknown}
 e - 2 scrolls of blinking {unknown}
 i - 3 scrolls of remove curse
 j - 2 scrolls of identify
 l - 3 scrolls of amnesia
 m - 2 scrolls of enchant weapon {unknown}
 n - a scroll of noise {unknown}
 x - a scroll of immolation {unknown}
Potions
 f - a potion of curing
 g - a potion of haste {unknown}
 k - a potion of magic {unknown}
 o - a potion of berserk rage
 p - 2 potions of brilliance {unknown}
 w - a potion of cancellation {unknown}
 A - a potion of might {unknown}
Comestibles
 d - 13 rations


   Skills:
 + Level 3.5 Fighting
 + Level 3.5 Short Blades
 + Level 3.5 Long Blades
 + Level 3.5 Axes
 + Level 3.5 Maces & Flails
 + Level 3.5 Polearms
 + Level 3.5 Staves
 + Level 3.5 Slings
 + Level 3.5 Bows
 + Level 3.5 Crossbows
 + Level 3.5 Throwing
 + Level 3.5 Armour
 + Level 5.8 Dodging
 + Level 5.5 Stealth
 + Level 3.5 Shields
 + Level 3.5 Unarmed Combat
 + Level 8.0 Spellcasting
 + Level 3.6 Conjurations
 + Level 2.9 Hexes
 + Level 2.9 Charms
 + Level 3.6 Summonings
 + Level 2.9 Necromancy
 + Level 3.6 Translocations
 + Level 2.9 Transmutations
 + Level 2.9 Fire Magic
 + Level 2.9 Ice Magic
 + Level 2.9 Air Magic
 + Level 2.9 Earth Magic
 + Level 2.9 Poison Magic
 + Level 3.9 Invocations
 + Level 3.5 Evocations


You had 9 spell levels left.
You knew the following spells:

 Your Spells              Type           Power        Failure   Level  Hunger
a - Magic Dart            Conj           ####         1%          1    None
b - Blink                 Tloc           N/A          2%          2    None
c - Call Imp              Summ           ####....     2%          2    None
d - Conjure Flame         Conj/Fire      ###.....     5%          3    None
e - Mephitic Cloud        Conj/Pois/Air  ###.....     5%          3    None
f - Gell's Gravitas       Tloc           ####......   4%          3    None

Your spell library contained the following spells:

 Spells                   Type           Power        Failure   Level  Hunger
 Confusing Touch          Hex            ###...       1%          1    None
 Slow                     Hex            ###.....     3%          2    None
 Confuse                  Hex            ###.....     6%          3    None
 Petrify                  Tmut/Erth      ###.....     21%         4    ###....
 Metabolic Englaciation   Hex/Ice        ###.......   50%         5    #####..
 Yara's Violent Unravell  Hex/Tmut       ###.......   50%         5    #####..


Dungeon Overview and Level Annotations

Branches:
Dungeon (6/15)             Temple (1/1) D:5

Altars:
Ashenzari
Cheibriados
Dithmenos
Elyvilon
Fedhas
Gozag
Hepliaklqana
Kikubaaqudgha
Makhleb
Nemelex Xobeh
Qazlal
Ru
Sif Muna
Trog
Vehumet
Xom
Yredelemnul
The Shining One

Shops:
D:5 ?(*(


Innate Abilities, Weirdness & Mutations

Your experience applies equally to all skills.
You have very sharp teeth.
Your uncanny sense of smell can sniff out nearby items.


Message History

The crimson imp blinks!
The orc priest hits you but does no damage.
You barely miss the orc priest.
The orc priest is almost dead.
The orc priest closely misses you.
You hit the orc priest.
The orc priest is almost dead.
You hit the orc priest.
The orc priest is almost dead.
The orc priest hits you with a +0 hand axe.
You barely miss the orc priest.
The orc priest is almost dead.
The orc priest mumbles some strange prayers to Beogh against you.
Beogh smites you!
* * * LOW HITPOINT WARNING * * *
You hit the orc priest.
You kill the orc priest!
The orc wizard gestures at you while chanting.
The magic dart hits you!
You die...

##.. ......
##..# #
.......##.).###
#.
......h...)[..#
#o# ...
..####(#.Y.....
#..##.o
#(####.##.
#..gc #o# #
#.hg###### #)#
#..<.....# #@#
....Z.....# #.#
.#.......<# #.#
#(.......# #.#
#........# #.#
#.......... #.#
#...[....## #.#
#........# #5#


You could see an orc wizard and a crimson imp.

Vanquished Creatures
  Eustachio (D:4)
  An ice beast (D:5)
  3 ogres
  2 centaurs
  Blork the orc (D:6)
  A bullfrog (D:5)
  A crimson imp (D:5)
  A bullfrog zombie (D:5)
  A jelly (D:6)
  5 orc priests
  2 iguanas (D:5)
  An orc wizard (D:3)
  4 worker ants
  12 gnolls
  11 adders
  An ooze (D:3)
  5 worms
  5 dart slugs
  3 leopard geckos
  16 orcs
  4 giant cockroaches
  9 goblins
  10 hobgoblins
  14 jackals
  4 quokkas
  9 bats
  7 frilled lizards
  4 kobolds
  A leopard gecko skeleton (D:5)
  9 rats
148 creatures vanquished.

Vanquished Creatures (collateral kills)
  A hound (D:5)
1 creature vanquished.

Grand Total: 149 creatures vanquished

Notes
Turn   | Place    | Note
-------+----------+-------------------------------------------
     0 | D:1      | esteth the Gnoll Wizard began the quest for the Orb.
     0 | D:1      | Reached XP level 1. HP: 13/13 MP: 8/8
    89 | D:1      | Reached XP level 2. HP: 19/19 MP: 0/10
   449 | D:1      | Learned a level 2 spell: Blink
   452 | D:1      | Learned a level 2 spell: Call Imp
   452 | D:1      | Reached XP level 3. HP: 25/25 MP: 7/11
   482 | D:1      | Learned a level 3 spell: Conjure Flame
   486 | D:1      | Learned a level 3 spell: Mephitic Cloud
   990 | D:2      | Reached skill level 1 in Invocations
  1009 | D:1      | Reached skill level 1 in Fighting
  1009 | D:1      | Reached skill level 1 in Short Blades
  1009 | D:1      | Reached skill level 1 in Long Blades
  1009 | D:1      | Reached skill level 1 in Axes
  1009 | D:1      | Reached skill level 1 in Maces & Flails
  1009 | D:1      | Reached skill level 1 in Polearms
  1009 | D:1      | Reached skill level 1 in Staves
  1009 | D:1      | Reached skill level 1 in Slings
  1009 | D:1      | Reached skill level 1 in Bows
  1009 | D:1      | Reached skill level 1 in Crossbows
  1009 | D:1      | Reached skill level 1 in Throwing
  1009 | D:1      | Reached skill level 1 in Armour
  1009 | D:1      | Reached skill level 1 in Shields
  1009 | D:1      | Reached skill level 1 in Unarmed Combat
  1009 | D:1      | Reached skill level 1 in Evocations
  1134 | D:1      | Reached XP level 4. HP: 15/32 MP: 5/13
  1370 | D:2      | Found a snail-covered altar of Cheibriados.
  1431 | D:2      | Reached skill level 1 in Hexes
  1431 | D:2      | Reached skill level 1 in Charms
  1431 | D:2      | Reached skill level 1 in Necromancy
  1431 | D:2      | Reached skill level 1 in Transmutations
  1431 | D:2      | Reached skill level 1 in Fire Magic
  1431 | D:2      | Reached skill level 1 in Ice Magic
  1431 | D:2      | Reached skill level 1 in Air Magic
  1431 | D:2      | Reached skill level 1 in Earth Magic
  1431 | D:2      | Reached skill level 1 in Poison Magic
  1842 | D:2      | Reached XP level 5. HP: 23/37 MP: 7/14
  2121 | D:2      | Found a shimmering altar of Xom.
  2122 | D:2      | Found a shimmering altar of Xom.
  2122 | D:2      | Found a shimmering altar of Xom.
  2131 | D:2      | Found a shimmering altar of Xom.
  2132 | D:2      | Found a shimmering altar of Xom.
  2170 | D:2      | Found a shadowy altar of Dithmenos.
  2983 | D:3      | Found a radiant altar of Vehumet.
  3040 | D:3      | Reached XP level 6. HP: 44/44 MP: 5/16
  3273 | D:3      | Found a bloodstained altar of Trog.
  3634 | D:3      | Reached skill level 5 in Dodging
  3960 | D:4      | Got a faintly glowing hunting sling
  3961 | D:4      | Identified the +1 hunting sling "Embalmer" {venom, rC-
                  | Int+5} (You found it on level 4 of the Dungeon)
  3999 | D:4      | Found a sparkling altar of Nemelex Xobeh.
  4166 | D:4      | Noticed Eustachio
  4180 | D:4      | Killed Eustachio
  4180 | D:4      | Reached XP level 7. HP: 15/50 MP: 15/18
  4500 | D:4      | Found an opulent altar of Gozag.
  4938 | D:5      | Entered Level 5 of the Dungeon
  4938 | D:5      | Found Reugh's Magic Scroll Emporium.
  5279 | D:5      | Reached skill level 5 in Stealth
  5290 | D:5      | Found Jiext's Assorted Antiques.
  5295 | D:5      | Found Ycautula's Antique Weapon Shop.
  5441 | D:5      | Found Kex Kog's Antique Weapon Shop.
  5537 | D:5      | Reached XP level 8. HP: 50/57 MP: 14/19
  5545 | D:5      | Found a staircase to the Ecumenical Temple.
  5564 | D:5      | Learned a level 3 spell: Gell's Gravitas
  5690 | Temple   | Entered the Ecumenical Temple
  5891 | Temple   | Became a worshipper of Ashenzari the Shackled
  5923 | D:6      | Noticed Blork the orc
  6061 | D:6      | Killed Blork the orc
  6547 | D:5      | Reached skill level 8 in Spellcasting
  7278 | D:6      | Killed from afar by an orc wizard

Skill      XL: |  1  2  3  4  5  6  7  8 |
---------------+-------------------------+-----
Conjurations   | 2 3 |  3.6
Summonings     | 2 3 |  3.6
Translocations | 2 3 |  3.6
Invocations    | 1 2 3 |  3.9
Fighting       | 1 2 3 |  3.5
Short Blades   | 1 2 3 |  3.5
Long Blades    | 1 2 3 |  3.5
Axes           | 1 2 3 |  3.5
Maces & Flails | 1 2 3 |  3.5
Polearms       | 1 2 3 |  3.5
Staves         | 1 2 3 |  3.5
Slings         | 1 2 3 |  3.5
Bows           | 1 2 3 |  3.5
Crossbows      | 1 2 3 |  3.5
Throwing       | 1 2 3 |  3.5
Armour         | 1 2 3 |  3.5
Shields        | 1 2 3 |  3.5
Unarmed Combat | 1 2 3 |  3.5
Evocations     | 1 2 3 |  3.5
Hexes          | 1 2 |  2.9
Charms         | 1 2 |  2.9
Necromancy     | 1 2 |  2.9
Transmutations | 1 2 |  2.9
Fire Magic     | 1 2 |  2.9
Ice Magic      | 1 2 |  2.9
Air Magic      | 1 2 |  2.9
Earth Magic    | 1 2 |  2.9
Poison Magic   | 1 2 |  2.9
Dodging        | 5 |  5.8
Stealth        | 5 |  5.5
Spellcasting   | 8 |  8.0

Action                   |  1- 3 |  4- 6 |  7- 9 || total
-------------------------+-------+-------+-------++-------
Melee: Dagger            |    15 |   175 |   150 ||   340
       Bite              |     2 |    18 |    14 ||    34
       Punch             |       |     1 |     2 ||     3
 Fire: Hunting sling     |       |     8 |       ||     8
 Cast: Magic Dart        |    42 |    67 |    67 ||   176
       Blink             |     2 |       |     2 ||     4
       Call Imp          |     2 |       |     2 ||     4
       Mephitic Cloud    |     1 |     6 |     8 ||    15
       Conjure Flame     |       |     1 |       ||     1
       Gell's Gravitas   |       |       |    14 ||    14
  Use: Potion            |     1 |     1 |     3 ||     5
       Scroll            |       |     4 |     1 ||     5
 Stab: Sleeping          |     2 |     6 |     1 ||     9
       Confused          |     1 |     3 |     2 ||     6
       Distracted        |       |     1 |       ||     1
  Eat: Chunk             |       |    10 |     3 ||    13
       Ration            |       |       |     2 ||     2
Armor: Robe              |     4 |    38 |     8 ||    50
Dodge: Dodged            |     9 |   174 |   137 ||   320
